Cogmind - Beta 13 @@@ ROGUE MODE // 2024.04.09 @ 16:03:05 Player: gabr Result: Destroyed by S-27 Virus with Autogun Performance ------------- Evolutions (3) 1500 Regions Visited (6) 1200 Robots Destroyed (39) 195 Value Destroyed (1543) 1543 Prototype IDs (2) 40 Alien Tech Used (0) 0 Bonus (200) 200 TOTAL SCORE: 4678 Bonus ------- Entered Garrisons 200 Cogmind --------- Core Integrity 0/700 Matter 300/300 Energy 73/100 System Corruption 24% Temperature Cool (9) Movement Walking (260) Ox2 Location -7/Garrison Parts ------- > --- POWER (1) -------- (None) > --- PROPULSION (6) --- Aluminum Leg Aluminum Leg Aluminum Leg > --- UTILITY (4) ------ Huge Storage Unit > --- WEAPON (2) ------- Spear > --- INVENTORY (25) --- Ion Engine Cooled Ion Engine Light Nuclear Core Light Treads Advanced ECM Suite Small Laser Small Laser Beam Rifle Particle Gun Minigun Minigun Minigun Spear Peak State ------------ > --- POWER ------------ Improved Deuterium Engine > --- PROPULSION ------- Wheel Wheel > --- UTILITY ---------- Huge Storage Unit Targeting Computer Hardlight Generator Hacking Suite > --- WEAPON ----------- Improved Assault Rifle Spear > --- INVENTORY -------- Ion Engine Cooled Ion Engine Light Nuclear Core Light Treads Light Treads Aluminum Leg Aluminum Leg Aluminum Leg Advanced ECM Suite Shield Generator Medium Laser Medium Laser Small Laser Small Laser Beam Rifle Minigun Minigun Minigun Spear Spear Spear [Rating: 25] Favorites ----------- Power Light Nuclear Core Engine Ion Engine Power Core Light Nuclear Core Propulsion Aluminum Leg Treads Light Treads Leg Aluminum Leg Wheel Wheel Utility Huge Storage Unit Device Improved Heat Sink Storage Huge Storage Unit Processor Visual Processing Unit Hackware Hacking Suite Weapon Minigun Energy Gun Medium Laser Ballistic Gun Minigun Piercing Weapon Spear Build | -11 -10 -10 -9 -8 -7 -7 ------- Run | Yrd Mat Min Mat Mat Fac Gar Slots Evolved 6 | . . . 2 2 2 . Power . | . . . . . . . Propulsion 4 | . . . 1 2 1 . Utility 2 | . . . 1 . 1 . Weapon . | . . . . . . . Parts Attached 46 | 6 2 . 10 6 1 21 Power 6 | 1 . . 1 1 1 2 Engine 3 | 1 . . . 1 1 . Core 3 | . . . 1 . . 2 Reactor . | . . . . . . . Propulsion 21 | 2 1 . 3 2 . 13 Treads 3 | 2 1 . . . . . Leg 13 | . . . . . . 13 Wheel 5 | . . . 3 2 . . Hover . | . . . . . . . Flight . | . . . . . . . Utility 8 | 1 . . 3 2 . 2 Device 3 | . . . 1 1 . 1 Storage 2 | 1 . . 1 . . . Processor 2 | . . . 1 . . 1 Hackware 1 | . . . . 1 . . Protection . | . . . . . . . Artifact . | . . . . . . . Weapon 11 | 2 1 . 3 1 . 4 Energy Gun 5 | 2 1 . 1 . . 1 Energy Cannon . | . . . . . . . Ballistic Gun 3 | . . . 2 1 . . Ballistic Cannon . | . . . . . . . Launcher . | . . . . . . . Special Weapon . | . . . . . . . Impact Weapon . | . . . . . . . Slashing Weapon . | . . . . . . . Piercing Weapon 3 | . . . . . . 3 Special Melee Weapon . | . . . . . . . Unidentified Prototypes 2 | . . . . 2 . . Parts Lost 31 | . . . 4 4 . 23 Power 5 | . . . 2 . . 3 Propulsion 16 | . . . 2 2 . 12 Utility 5 | . . . . 1 . 4 Weapon 5 | . . . . 1 . 4 Highest Loss Streak 10 | . . . 2 2 . 10 To Critical Strikes . | . . . . . . . Average Slot Usage (%) 74 | . 85 85 78 77 61 66 Engine 5 | . 14 14 4 6 7 . Core 3 | . . . 5 . . 3 Treads 8 | . 28 28 13 . . . Leg 8 | . . . . . . 33 Wheel 8 | . . . 5 28 15 . Device 4 | . . . 6 9 7 1 Storage 9 | . 14 14 11 9 7 7 Processor 4 | . . . 10 . . 3 Hackware 1 | . . . . 6 7 . Energy Gun 8 | . 28 28 11 . . . Ballistic Gun 8 | . . . 10 18 15 . Piercing Weapon 3 | . . . . . . 13 Naked Turns . | . . . . . . . Heaviest Build 101 | 14 14 13 92 99 101 101 Greatest Support 60 | 40 40 40 40 40 20 60 Greatest Overweight (x) 27 | . . . 9 4 5 27 Average Overweight (x) 2 | . . . 2 2 4 2 Largest Inventory Capacity 25 | 8 8 8 25 25 25 25 Average Capacity 21 | 6 8 8 22 25 25 25 Most Carried 22 | 4 7 7 15 20 22 22 Average Carried 12 | 1 5 7 10 16 20 17 Final Capacity 25 | 8 8 8 25 25 25 25 Final Carried 22 | 4 7 7 15 20 22 13 Class Distribution -------------------- 63% | Mutant 36% | Scavenger-Mutant Dominant Class ---------------- Mutant | -10/Materials Mutant | -10/Mines Mutant | -9/Materials Scavenger-Mutant | -8/Materials Mutant | -7/Factory Scavenger-Mutant | -7/Garrison Resources | -11 -10 -10 -9 -8 -7 -7 ----------- Run | Yrd Mat Min Mat Mat Fac Gar Matter Collected 1020 | 252 18 10 247 311 . 182 Remotely . | . . . . . . . Salvage Created 1714 | . 83 . 581 282 . 768 Parts 80 | . 7 . 36 12 . 25 Haulers Intercepted . | . . . . . . . Recyclers Shooed . | . . . . . . . Parts Field Recycled . | . . . . . . . Retrieved Matter . | . . . . . . . Parts Self-Destructed . | . . . . . . . Prevented . | . . . . . . . Kills | -11 -10 -10 -9 -8 -7 -7 ------- Run | Yrd Mat Min Mat Mat Fac Gar Combat Hostiles Destroyed 33 | . 2 . 14 3 . 14 Melee 12 | . . . . . . 12 Guns 20 | . 2 . 13 3 . 2 Classes Destroyed 8 | . 1 . 5 1 . 1 Worker 4 | . . . 2 2 . . Builder 1 | . . . 1 . . . Watcher 1 | . . . 1 . . . Swarmer 4 | . . . 4 . . . Grunt 24 | . 2 . 7 2 . 13 Brawler 1 | . . . . . . 1 Sentry 3 | . . . 3 . . . Hunter 1 | . . . . 1 . . Best Kill Streak 4 | . 2 . 4 3 . 4 Combat Bots Only 4 | . 2 . 4 2 . 4 Max Kills in Single Turn 2 | . 1 . 2 1 . 1 Gunslinging . | . . . . . . . Exploded . | . . . . . . . Melee 1 | . . . . . . 1 Uniques/NPCs Destroyed . | . . . . . . . Combat | -11 -10 -10 -9 -8 -7 -7 -------- Run | Yrd Mat Min Mat Mat Fac Gar Hostile Shots Fired 350 | . 15 . 103 38 . 194 Missed 93 | . 3 . 32 11 . 47 Damage Taken 3815 | . 128 . 864 336 . 2487 Core 997 | . 10 . 218 55 . 714 Absorbed by Shields 215 | . . . . 96 . 119 Core Remaining (%) 82 | 100 . 96 45 90 . . Volleys Fired 116 | . 14 . 53 28 . 21 Largest 2 | . 2 . 2 2 . 1 Hottest 100 | . 100 . 96 50 . 50 Shots Fired 210 | . 27 . 106 56 . 21 Gun 210 | . 27 . 106 56 . 21 Cannon . | . . . . . . . Launcher . | . . . . . . . Special . | . . . . . . . Kinetic 121 | . . . 56 56 . 9 Thermal 89 | . 27 . 50 . . 12 Explosive . | . . . . . . . Electromagnetic . | . . . . . . . Robot Hit Streak 19 | . 4 . 11 19 . 12 Robot Miss Streak 5 | . 3 . 5 3 . 3 Penetration Max . | . . . . . . . Secondary Targets 5 | . . . 5 . . . Max Gunslinging Chain 1 | . . . 1 . . . Shots Hit Robots 167 | . 14 . 66 38 . 49 Core Hits 69 | . 4 . 29 13 . 23 Critical Kills . | . . . . . . . Critical Parts Destroyed . | . . . . . . . Critical Strikes 12 | . 1 . 3 . . 8 Burn 5 | . 1 . 3 . . 1 Impale 7 | . . . . . . 7 Melee Attacks 51 | . . . . . . 51 Impact . | . . . . . . . Slashing . | . . . . . . . Piercing 51 | . . . . . . 51 Sneak Attacks . | . . . . . . . Combat Hostiles . | . . . . . . . Follow-up Attacks 3 | . . . . . . 3 Damage Inflicted 3066 | . 174 . 1085 605 . 1202 Guns 1975 | . 174 . 1005 605 . 191 Cannons . | . . . . . . . Explosions . | . . . . . . . Melee 1011 | . . . . . . 1011 Ramming 80 | . . . 80 . . . Kinetic 1277 | . . . 580 605 . 92 Thermal 698 | . 174 . 425 . . 99 Explosive . | . . . . . . . Electromagnetic . | . . . . . . . Impact . | . . . . . . . Slashing . | . . . . . . . Piercing 1011 | . . . . . . 1011 Highest Corruption 24 | . . . 3 . . 24 Average Corruption 17 | . . . 3 . . 18 Corruption Purged . | . . . . . . . Corruption Blocked . | . . . . . . . Effects 5 | . . . . . . 5 Matter Fused 1 | . . . . . . 1 Data Loss (minor) 2 | . . . . . . 2 Alerts 1 | . . . . . . 1 Misdirections 1 | . . . . . . 1 Overload Shots . | . . . . . . . Overflow Damage 40 | . . . . . . 40 Projectiles . | . . . . . . . Explosions . | . . . . . . . Melee 40 | . . . . . . 40 Knockbacks . | . . . . . . . Impact . | . . . . . . . Kinetic . | . . . . . . . Secondary . | . . . . . . . Self-Inflicted Damage 33 | . . . 33 . . . Shots . | . . . . . . . Rammed 8 | . . . 8 . . . Targets Rammed 8 | . . . 8 . . . Kicked . | . . . . . . . Crushed . | . . . . . . . Highest Temperature 544 | . 544 . 243 19 . 11 Average Temperature 145 | . 278 . 72 4 . 6 Received Heat Transfer 1567 | . 72 . 399 133 . 963 Effects 8 | . 5 . 3 . . . Shutdowns 2 | . 2 . . . . . Interference 3 | . . . 3 . . . Short Circuit 2 | . 2 . . . . . Damage (minor) 1 | . 1 . . . . . Siege Activations . | . . . . . . . Robots Corrupted . | . . . . . . . Combat Hostiles . | . . . . . . . Parts Fried . | . . . . . . . Impact Corruptions . | . . . . . . . Robots Melted 1 | . . . 1 . . . Combat Hostiles 1 | . . . 1 . . . Parts Melted 6 | . . . 5 . . 1 Heat Transferred 2250 | . 592 . 1288 . . 370 Parts Sabotaged . | . . . . . . . Parts Stolen . | . . . . . . . Parts Stripped . | . . . . . . . Power Chain Reactions . | . . . . . . . Alert | -11 -10 -10 -9 -8 -7 -7 ------- Run | Yrd Mat Min Mat Mat Fac Gar Peak Influence 355 | . 50 19 244 191 . 355 Initial 65 | . . 19 7 65 . . Average 95 | . 22 19 96 119 . 160 Maximum Alert Level 1 | . . . 1 . . 1 Low Security (%) 87 | 100 100 100 92 100 100 56 Level 1 13 | . . . 7 . . 43 Level 2 . | . . . . . . . Level 3 . | . . . . . . . Level 4 . | . . . . . . . Level 5 . | . . . . . . . High Security . | . . . . . . . Max Security . | . . . . . . . Squads Dispatched 6 | . 1 . 4 1 . . Investigation 3 | . . . 2 1 . . Extermination . | . . . . . . . Reinforcement 3 | . 1 . 2 . . . Assault . | . . . . . . . Garrison . | . . . . . . . Intercept . | . . . . . . . Searches Triggered . | . . . . . . . Construction Impeded . | . . . . . . . Haulers Reinforced . | . . . . . . . Active Scanning Responses . | . . . . . . . Cargo Convoy Interrupts . | . . . . . . . Stealth | -11 -10 -10 -9 -8 -7 -7 --------- Run | Yrd Mat Min Mat Mat Fac Gar Distress Signals 3 | . . . 3 . . . Communications Jammed . | . . . . . . . Distress Signals . | . . . . . . . Times Spotted 67 | . 2 . 33 9 . 23 Peak Tracking Total 7 | . 2 . 6 4 . 7 Tactical Retreats 6 | . . . 3 . . 3 Traps | -11 -10 -10 -9 -8 -7 -7 ------- Run | Yrd Mat Min Mat Mat Fac Gar Traps Triggered 4 | . . . 2 1 . 1 Indirectly . | . . . . . . . Trap Hack Attempts . | . . . . . . . Triggered . | . . . . . . . Disarmed . | . . . . . . . Reprogrammed . | . . . . . . . Reused . | . . . . . . . Traps Extracted . | . . . . . . . Installed . | . . . . . . . Triggered . | . . . . . . . Machines | -11 -10 -10 -9 -8 -7 -7 ---------- Run | Yrd Mat Min Mat Mat Fac Gar Machines Disabled 2 | . . . 1 . . 1 Max in Single Turn 1 | . . . 1 . . 1 Garrison Relay 1 | . . . . . . 1 Machines Repaired . | . . . . . . . Machines Dismantled . | . . . . . . . Machines Sabotaged . | . . . . . . . Overloaded Fab Kills . | . . . . . . . Hacking | -11 -10 -10 -9 -8 -7 -7 --------- Run | Yrd Mat Min Mat Mat Fac Gar Machines Accessed 4 | . 1 . 1 1 1 . Terminals 3 | . 1 . 1 1 . . Fabricators . | . . . . . . . Repair Stations . | . . . . . . . Recycling Units . | . . . . . . . Scanalyzers . | . . . . . . . Garrison Access 1 | . . . . . 1 . Total Hacks 5 | . 1 . 2 1 1 . Successful 1 | . . . . . 1 . Failed 4 | . 1 . 2 1 . . Catastrophic 2 | . . . 2 . . . Database Lockouts . | . . . . . . . Manual . | . . . . . . . Terminals 4 | . 1 . 2 1 . . Fabricators . | . . . . . . . Repair Stations . | . . . . . . . Recycling Units . | . . . . . . . Scanalyzers . | . . . . . . . Garrison Access 1 | . . . . . 1 . Terminal Hacks . | . . . . . . . Fabricator Hacks . | . . . . . . . Repair Station Hacks . | . . . . . . . Recycling Unit Hacks . | . . . . . . . Scanalyzer . | . . . . . . . Garrison Access Hacks 1 | . . . . . 1 . Unlock Access 1 | . . . . . 1 . Unauthorized Hacks . | . . . . . . . Terminals . | . . . . . . . Fabricators . | . . . . . . . Repair Stations . | . . . . . . . Recycling Units . | . . . . . . . Scanalyzers . | . . . . . . . Garrison Access . | . . . . . . . Data Cores Recovered . | . . . . . . . Used . | . . . . . . . Hacking Detections 3 | . 1 . 1 1 . . Full Trace Events . | . . . . . . . Feedback Events . | . . . . . . . Feedback Blocked . | . . . . . . . Robot Schematics Acquired . | . . . . . . . Robots Built . | . . . . . . . Authchips . | . . . . . . . Time . | . . . . . . . Total Robot Build Rating . | . . . . . . . Part Schematics Acquired . | . . . . . . . Parts Built . | . . . . . . . Authchips . | . . . . . . . Time . | . . . . . . . Total Part Build Rating . | . . . . . . . Parts Repaired . | . . . . . . . Time . | . . . . . . . Parts Recycled . | . . . . . . . Recycled Matter . | . . . . . . . Retrieved Matter . | . . . . . . . Retrieved Components . | . . . . . . . Parts Scanalyzed . | . . . . . . . Part Schematics Acquired . | . . . . . . . Parts Damaged . | . . . . . . . Bothacking | -11 -10 -10 -9 -8 -7 -7 ------------ Run | Yrd Mat Min Mat Mat Fac Gar Used RIF Installer . | . . . . . . . Robots Hacked . | . . . . . . . Non-combat . | . . . . . . . Combat . | . . . . . . . Robot Hacks Applied . | . . . . . . . Relay Couplers Released 3 | . . . . . . 3 Machine Destruction 3 | . . . . . . 3 Fabnet Peak Effective % . | . . . . . . . Robots Rewired . | . . . . . . . Allies Hacked . | . . . . . . . Hacks Repelled . | . . . . . . . Allies | -11 -10 -10 -9 -8 -7 -7 -------- Run | Yrd Mat Min Mat Mat Fac Gar Total Allies . | . . . . . . . Largest Group . | . . . . . . . Highest-Rated Group . | . . . . . . . Highest-Rated Ally . | . . . . . . . Total Orders . | . . . . . . . Ally Attacks . | . . . . . . . Total Damage . | . . . . . . . Kills . | . . . . . . . Allies Corrupted . | . . . . . . . Allies Melted . | . . . . . . . Intel | -11 -10 -10 -9 -8 -7 -7 ------- Run | Yrd Mat Min Mat Mat Fac Gar Robot Analysis Total . | . . . . . . . Derelict Logs Recovered . | . . . . . . . Drone Launches . | . . . . . . . Drone Recoveries . | . . . . . . . Exploration | -11 -10 -10 -9 -8 -7 -7 ------------- Run | Yrd Mat Min Mat Mat Fac Gar Turns Passed 2500 | 108 168 124 899 410 193 598 Spaces Moved 1035 | 67 68 77 266 251 129 177 Core 12 | 10 . . . . . 2 Treads 387 | 57 68 77 185 . . . Legs 153 | . . . . . . 153 Wheels 483 | . . . 81 251 129 22 Hover . | . . . . . . . Flight . | . . . . . . . Fastest Speed 50 | 50 160 160 110 110 140 140 Average Speed 183 | 143 160 160 263 119 148 212 Slowest Speed 1400 | 160 160 160 480 140 155 1400 Overloaded Moves . | . . . . . . . Propulsion Burnouts . | . . . . . . . Robots Hopped . | . . . . . . . Cave-ins Triggered . | . . . . . . . Exploration Rate (%) 18 | 3 11 30 34 23 4 22 Regions Visited 6 Branch Regions 1 Pre-discovered Areas . | . . . . . . . Known Exits Taken 1 | . . . . . 1 . Unknown Exits Taken 5 | 1 1 1 1 1 . . Scrap Searched 1 | . . 1 . . . . Spaces Dug . | . . . . . . . Terrain Destroyed . | . . . . . . . Melee . | . . . . . . . Projectile . | . . . . . . . AOE . | . . . . . . . Terrain Rammed . | . . . . . . . Walls Destroyed . | . . . . . . . Machines Disabled . | . . . . . . . Actions | -11 -10 -10 -9 -8 -7 -7 --------- Run | Yrd Mat Min Mat Mat Fac Gar Total 1350 | 76 100 78 357 313 130 296 Wait 69 | . 14 2 12 20 . 21 Move 1030 | 66 67 76 266 250 128 177 Hop . | . . . . . . . Pick Up 25 | 4 2 . 6 8 1 4 Fast Attach 26 | 6 1 . 7 3 . 9 Attach 14 | . . . . 3 . 11 Detach 4 | . 1 . 2 1 . . Swap 6 | . 1 . 3 . 1 1 Drop 3 | . . . 1 . . 2 Fire 116 | . 14 . 53 28 . 21 Melee 46 | . . . . . . 46 Ram 3 | . . . 3 . . . Kick . | . . . . . . . Crush 4 | . . . 4 . . . Escape Stasis 4 | . . . . . . 4 Rewire . | . . . . . . . Trap . | . . . . . . . Miscellaneous . | . . . . . . . Route ------- -11/Scrapyard -10/Materials -10/Mines -9/Materials -8/Materials -7/Factory -7/Garrison History --------- Turn | Location | Event 11 | -11/Scrapyard | Discovered new exit (range 15) 109 | -11/Scrapyard | Entered Materials 244 | -10/Materials | Met 8R-AWN 253 | -10/Materials | Discovered new exit (range 15) 277 | -10/Materials | Entered Mines 278 | -10/Mines | Followed 8R-AWN into the Mines 311 | -10/Mines | Build established: Mutant 393 | -10/Mines | Discovered new exit (range 6) 398 | -10/Mines | Received a Rocket Launcher from a helpful Derelict 401 | -10/Mines | Entered Materials 401 | -9/Materials | Evolved 2 slots: Propulsion x1, Utility x1 1294 | -9/Materials | Discovered new exit (range 4) 1300 | -9/Materials | Core integrity fell below 50% 1300 | -9/Materials | Entered another Materials area 1300 | -8/Materials | Evolved 2 slots: Propulsion x2 1457 | -8/Materials | Build established: Scavenger-Mutant 1619 | -8/Materials | Discovered new exit (range 16) 1710 | -8/Materials | Entered Factory 1710 | -7/Factory | Evolved 2 slots: Propulsion x1, Utility x1 1830 | -7/Factory | Build established: Mutant 1901 | -7/Factory | Identified exit to Garrison 1903 | -7/Factory | Entered Garrison 1934 | -7/Garrison | Triggered checkpoint 1993 | -7/Garrison | Lost 6 parts (1p2n2u1w) 2069 | -7/Garrison | Garrison Relay disabled 2293 | -7/Garrison | Lost 7 parts (1p4n2u) 2445 | -7/Garrison | System corruption reached 10% 2450 | -7/Garrison | Core integrity fell below 50% 2470 | -7/Garrison | Triggered checkpoint 2491 | -7/Garrison | Core integrity fell below 20% 2501 | -7/Garrison | Destroyed by S-27 Virus with Autogun Last Messages --------------- 02469_ System corrupted: Component data lost. 02470_ Beams of light sweep through the air. An alarm sounds. 02473_ Aluminum Leg destroyed. 02473_ System corrupted by crushing effect (+1). 02473_ Knocked back. 02479_ B-48 Gladiator suffers critical hit (Burn). 02481_ B-48 Gladiator heat damages Imp. Light Armor Plating. 02483_ B-48 Gladiator heat short circuits Lgt. Treads. 02483_ B-48 Gladiator overheating. 02483_ Broken Lgt. Treads melted. 02483_ B-48 Gladiator destroyed. 02484_ System corrupted: IFF burst signal emitted. 02484_ Aluminum Leg destroyed. Garrison Door activated. 02488_ Aluminum Leg destroyed. 02488_ Med. Laser destroyed. 02493_ Acquired 10 matter. 02495_ Critical hit (Burn: +37). 02498_ System corrupted: Aluminum Leg stumbles. 02500_ System corrupted: Component data lost. Map ----- +----------------------------------------------------+ | ?????????????????????????????????????????????????? | | ?????????????????????????????????????????????????? | | ?????????????????????????????????????????????????? | | ?????????????????????????????????????????????????? | | ?????????????????????????????????????????????????? | | ?????????????????????????????????????????????????? | | ?????????????????????????????????????????????????? | | ?????????????????????????????????????????????????? | | ?????????????????????????????????????????????????? | | ?????????????????????????? ?????????????????????? | | ?????????????????????????? ?????????????????????? | | ????????????????????????## #???"????????????????? | | ????????????????????????# ?? ????????????????? | | ????????????????????????# ^?? ????????????????? | | ????????????????????????# ? ????? ??????????? | | ????????????????????????# #? ????? ??????????? | | ???????????????????????## ## ???# #?????????? | | ??????????????????????? ??? "?????????? | | ??????????????????????? ??? "?????????? | | ???????????????????????? ?? ??????????? | | ???????????????????????? ?? ????????????? | | ????????????????????????# s #? #????#?????????? | | ??????????????###########s s## ## ###???????? | | ??????????????# s ??????? | | ??????????????# / g ??????? | | ??????????????# @%*g #?????????? | | ??????????????# ########;### #####??????????? | | ??????????????# #??????#*#???? #??????????????? | | ??????######??# ########%#??????#??????????????? | | ??????#"# #??# + !%[#?????????????????????? | | ??????#"! #??" ##### ####?????????????????????? | | ??????# ! #??# #???# #????????????????????????? | | ??????#"! #??# #???# #????????????????????????? | | ??????#"# #??# #???# #????????????????????????? | | ??????### #??# #???# #????????????????????????? | | ????????# #??# #???# #????????????????????????? | | ????????# #??# #???# #????????????????????????? | | ??????###! #??# #???# #????????????????????????? | | ??????# % #??# #???#!#????????????????????????? | | ??????#=*% #??# #???# #????????????????????????? | | ??????# [[ #??# #???#%#????????????????????????? | | ??????### ^#### #???# #????????????????????????? | | ????????# #T## !#####%#????????????????????????? | | ????????# %"!% %#????????????????????????? | | ????????# *#######????????????????????????? | | ????????####### #??????????????????????????????? | | ??????????????# #??????????????????????????????? | | ??????????????# #??????????????????????????????? | | ??????????????# #??????????????????????????????? | | ??????????????# #??????????????????????????????? | +----------------------------------------------------+ Best States ------------- Heat Dissipation 45 Energy Generation 16 Energy Capacity 290 Matter Stores 300 Matter Capacity 300 Sight Range 18 Terrain Scan Density 10 Evasion (%) 40 Targeting Accuracy 5 Recoil Reduction 2 Offensive Hacking 10 Item Schematics ----------------- None Robot Schematics ------------------ None Fabricated ------------ Nothing Alien Tech Used ----------------- None Achievements -------------- None Challenges ------------ None Game ------ Seed TerrainAdvancedSheargun Manual? 0 Play Time 00:19:59 Cumulative 71.1 hours Start 2024.04.09 @ 15:41:52 End 2024.04.09 @ 16:03:05 Sessions 1 Manual Loads 0 Difficulty Rogue Special Mode None Game No. 153 Rogue 153 Adventurer 0 Explorer 0 Win Type - Total 0 Types 0/0/0/0/0/0/0/0/0 Lore% 28 Gallery% 42 Achievement% 32 Wizard Run 0 Options --------- Layout 0 ASCII 0 Keyboard 1 Movement Numpad Keybinds 0 Fullscreen 1 Font 24/Terminus Map View 76x50 Zoom Use 0% Tactical HUD 1 Map Filters NONE Filters NONE Steam 1 RUN: 362b1d9e-b3a5-4755-8511-67794ebb958a